Map: Data-C

Players

MattBarry - Winner!

  • Race: Terran Terran
  • League: Silver
  • Spawn Location: 9:00

ealumass

  • Race: Protoss Protoss
  • League: Platinum
  • Spawn Location: 3:00

VOD

Have the link to the VOD?

Description

Time

  • Played on: Jan. 20, 2023, 3:45 a.m.
  • Length: 5:35
Show
View Real Time Build Order
Export as new Build Order

MattBarry Terran - Winner!

Build Orders:  

Get SALT Encoding   

  12  0:00  SCV  
  13  0:14  SCV  
  14  0:25  Supply Depot  
  14  0:26  SCV  
  15  0:50  Barracks  
  15  0:55  Barracks  
  15  1:00  Refinery  
  15  1:08  Refinery  
  15  1:11  SCV  
  16  1:46  Reaper  
  17  1:53  Barracks  
  17  1:54  Reaper  
  18  2:24  Reaper  
  19  2:41  Reaper  
  19  2:42  Reaper  
  21  2:56  Reaper  
  22  3:14  Reaper  
  23  3:45  Reaper  
  23  3:48  Reaper  
  23  3:49  Reaper  
  16  4:36  Supply Depot  
  16  4:37  Supply Depot  
  16  4:58  Reaper x3  
  19  5:17  SCV  
Show
View Real Time Build Order
Export as new Build Order

ealumass Protoss 

Build Orders:  

Get SALT Encoding   

  12  0:01  Probe (Chrono Boost)  
  13  0:11  Probe (Chrono Boost)  
  14  0:16  Probe  
  15  0:36  Pylon  
  15  0:51  Pylon  
  15  0:54  Probe (Chrono Boost)  
  16  1:03  Assimilator  
  16  1:06  Probe (Chrono Boost)  
  17  1:11  Gateway  
  17  1:14  Probe (Chrono Boost)  
  18  1:20  Probe  
  19  1:33  Probe  
  19  1:36  Gateway  
  20  1:45  Probe  
  21  1:57  Probe  
  22  2:02  Cybernetics Core  
  22  2:09  Probe (Chrono Boost)  
  22  2:11  Nexus  
  23  2:19  Probe (Chrono Boost)  
  24  2:24  Probe (Chrono Boost)  
  24  2:26  Zealot  
  24  2:27  Zealot  
  29  2:44  Probe  
  29  2:47  Forge  
  29  2:55  Zealot  
  29  2:56  Probe  
  30  2:59  Zealot  
  24  3:16  Shield Battery  
  21  3:23  Zealot  
  21  3:27  Zealot  
  13  3:51  Stalker  
Tags
 
Matchup
PvT
Replay Pack
Multiplayer
Spawn Locations
Cross Positions
Add a new tag
Caveats
  • Supply blocks, unpowered buildings, or Contaminate may cause inaccurate times.
  • Supply counts are checked every 10 seconds.